 Dungeon Crawl Stone Soup version 0.18.1-48-g4cf74bf (webtiles) character file.

3620 Inkary the Cleaver (level 10, -6/91 HPs)
             Began as a Hill Orc Gladiator on Aug 26, 2016.
             Was a Believer of Okawaru.
             Mangled by a killer bee (7 damage)
             ... on level 8 of the Dungeon.
             The game lasted 00:12:31 (6792 turns).

Inkary the Cleaver (Hill Orc Gladiator)             Turns: 6792, Time: 00:12:32

Health: -6/91      AC: 11    Str: 24    XL:     10   Next: 11%
Magic:  0/19       EV:  7    Int:  8    God:    Okawaru [**....]
Gold:   340        SH:  0    Dex: 14    Spells: 0 memorised, 9 levels left

rFire  . . .     SeeInvis .     a - +0 war axe
rCold  + . .     Gourm    .     v - +0 scale mail {rC+}
rNeg   . . .     Faith    .     (no shield)
rPois  .         Spirit   +     c - +0 helmet
rElec  .         Dismiss  .     b - +0 cloak
rCorr  .         Reflect  .     (no gloves)
SustAt .         Harm     .     i - +0 pair of boots
MR     .....                    x - amulet of guardian spirit
Stlth  ..........               (no ring)
                                p - ring of magical power

@: mighty, not resistant to hostile enchantments, extremely unstealthy
A: screaming 1
a: Heroism, Renounce Religion


You were on level 8 of the Dungeon.
You worshipped Okawaru.
Okawaru was pleased with you.
You were not hungry.

You visited 1 branch of the dungeon, and saw 8 of its levels.

You collected 340 gold pieces.

Inventory:

Hand Weapons
 a - a +0 war axe (weapon)
Missiles
 d - a throwing net (quivered)
Armour
 b - a +0 cloak (worn)
 c - a +0 helmet (worn)
 i - a +0 pair of boots (worn)
 v - a +0 scale mail of cold resistance (worn)
Jewellery
 p - a ring of magical power (left hand)
 x - an amulet of guardian spirit (around neck)
 B - an uncursed amulet of magic regeneration {unknown}
 D - an uncursed ring of poison resistance {unknown}
Wands
 q - a wand of acid (9/15)
 I - a wand of iceblast (8/15)
Scrolls
 h - 3 scrolls of fog {unknown}
 m - a scroll of remove curse
 s - 2 scrolls of enchant weapon {unknown}
 u - 6 scrolls of teleportation {unknown}
 y - 2 scrolls of identify
 A - a scroll of acquirement {unknown}
 C - 3 scrolls of blinking {unknown}
 F - a scroll of random uselessness {unknown}
Potions
 k - 2 potions of agility
 l - a potion of mutation {unknown}
 n - a potion of lignification {unknown}
 r - a potion of ambrosia {unknown}
 t - a potion of magic
 w - 2 potions of haste
 z - a potion of invisibility {unknown}
 H - a potion of cancellation {unknown}
Comestibles
 f - 6 bread rations
 g - 4 meat rations
 j - 2 fruits
 E - a slice of pizza
 G - a chunk of flesh


   Skills:
 + Level 9.1 Fighting
 + Level 10.5 Axes
 + Level 5.9 Throwing
 + Level 6.2 Armour
 - Level 4.2 Dodging


You had 9 spell levels left.
You didn't know any spells.

Dungeon Overview and Level Annotations

Branches:
Dungeon (8/15)             Temple (0/1) D:7
   Lair: D:8-11

Altars:
Cheibriados
Dithmenos
Gozag
Okawaru
Pakellas
Qazlal
Ru
The Shining One


Innate Abilities, Weirdness & Mutations

You occasionally shout uncontrollably at your foes.


Message History

* * * LOW HITPOINT WARNING * * *
The killer bee stings you.
* * * LOW HITPOINT WARNING * * *
The killer bee barely misses you.
The killer bee stings you but does no damage.
The killer bee barely misses you.
You feel sick.
You are no longer poisoned.
The killer bee stings you but does no damage.
The killer bee stings you.
* * * LOW HITPOINT WARNING * * *
The killer bee barely misses you.
Unknown command.
The killer bee completely misses you.
The killer bee stings you but does no damage.
The killer bee stings you but does no damage.
The killer bee barely misses you.
There is a stone staircase leading up here.
The killer bee stings you!
You die...

.>..#####...........#
#.................#'###
#######.....................#
.'..........................####
.#...............###...........#
.##.......................####.##
.###........(.............# #...
.####..........y..........# ##.#
.'†.†..........y@.......#######'#
.#####..................#........
.# #..................#........
y. ####...............#.......§
... #...............#..§≈§≈≈§
#..# #...............#...≈§###
######>..............#...§## #
......................'...≈#
..##########..........#...≈# #


You could see 2 killer bees.

Vanquished Creatures
  A hungry ghost (D:7)
  4 ice beasts
  3 orc warriors
  5 sky beasts
  A black bear (D:6)
  3 ogres
  A centaur (D:7)
  A big kobold (D:7)
  3 giant frogs (D:7)
  A scorpion (D:6)
  12 killer bees (D:8)
  4 howler monkeys
  A centaur zombie (D:7)
  2 crimson imps
  A quasit (D:4)
  2 jellies
  2 giant frog skeletons
  3 hounds
  An orc priest (D:6)
  4 orc wizards (D:6)
  Jessica (D:3)
  2 centaur skeletons
  An iguana (D:6)
  Natasha (thrice) (D:3)
  5 worker ants
  A hound zombie (D:8)
  A worker ant zombie (D:6)
  3 gnolls (D:4)
  A howler monkey skeleton (D:7)
  6 adders
  A shadow imp (D:5)
  An adder skeleton (D:5)
  3 dart slugs
  2 worms
  4 giant geckos
  10 orcs
  7 giant cockroaches
  10 goblins
  5 hobgoblins
  8 jackals
  3 quokkas
  A ball python (D:2)
  4 bats
  A giant gecko skeleton (D:4)
  9 giant newts
  8 kobolds
  5 rats
161 creatures vanquished.

Notes
Turn   | Place    | Note
--------------------------------------------------------------
     0 | D:1      | Inkary the Hill Orc Gladiator began the quest for the Orb.
     0 | D:1      | Reached XP level 1. HP: 18/18 MP: 1/1
   130 | D:1      | Reached XP level 2. HP: 25/25 MP: 2/2
   266 | D:1      | Reached XP level 3. HP: 27/30 MP: 3/3
   420 | D:2      | Found a shadowy altar of Dithmenos.
   982 | D:2      | Found an oddly glowing altar of Pakellas.
  1050 | D:2      | Reached skill level 5 in Axes
  1050 | D:2      | Reached XP level 4. HP: 34/38 MP: 4/4
  1434 | D:3      | Found a stormy altar of Qazlal.
  1583 | D:3      | Noticed Jessica
  1586 | D:3      | Killed Jessica
  1586 | D:3      | Reached XP level 5. HP: 43/46 MP: 5/5
  1914 | D:3      | Noticed Natasha
  1927 | D:3      | Killed Natasha
  1964 | D:3      | Noticed Natasha
  1968 | D:3      | Killed Natasha
  1979 | D:3      | Reached skill level 6 in Axes
  2074 | D:3      | Noticed Natasha
  2086 | D:3      | Killed Natasha
  2086 | D:3      | Reached XP level 6. HP: 44/53 MP: 6/6
  2253 | D:4      | Found a sacrificial altar of Ru.
  2763 | D:4      | Reached skill level 5 in Fighting
  2790 | D:5      | Entered Level 5 of the Dungeon
  2790 | D:5      | Noticed a sky beast
  2814 | D:5      | Killed a sky beast
  2864 | D:5      | Reached XP level 7. HP: 51/61 MP: 7/7
  2900 | D:5      | Reached skill level 7 in Axes
  2999 | D:5      | Found a snail-covered altar of Cheibriados.
  3365 | D:6      | Reached skill level 1 in Armour
  3452 | D:6      | Reached XP level 8. HP: 10/70 MP: 6/8
  3720 | D:6      | Found an opulent altar of Gozag.
  3851 | D:6      | Reached skill level 8 in Axes
  4148 | D:6      | Found a sacrificial altar of Ru.
  4194 | D:6      | Found an iron altar of Okawaru.
  4383 | D:6      | Became a worshipper of Warmaster Okawaru
  4451 | D:7      | Reached XP level 9. HP: 29/79 MP: 9/9
  4923 | D:6      | Reached skill level 9 in Axes
  5197 | D:6      | Reached * piety under Okawaru
  5231 | D:7      | Reached skill level 5 in Armour
  5764 | D:7      | Found a glowing golden altar of the Shining One.
  5798 | D:7      | Found a staircase to the Ecumenical Temple.
  5933 | D:7      | Reached skill level 5 in Throwing
  6005 | D:7      | Gained mutation: You are resistant to electric shocks. [mutagenic meat]
  6006 | D:7      | Lost mutation: You are resistant to electric shocks. [mutagenic meat]
  6007 | D:7      | Gained mutation: You occasionally shout uncontrollably at your foes. [mutagenic meat]
  6219 | D:7      | Reached ** piety under Okawaru
  6320 | D:7      | Reached skill level 10 in Axes
  6723 | D:8      | Reached XP level 10. HP: 64/90 MP: 10/10
  6786 | D:8      | HP: 4/91 [killer bee (4)]
  6789 | D:8      | HP: 1/91 [killer bee (1)]
  6792 | D:8      | Mangled by a killer bee

Skill      XL: |  1  2  3  4  5  6  7  8  9 10 |
---------------+-------------------------------+-----
Fighting       | 3 4 5 6 7 8 9 |  9.1
Axes           | 5 6 7 8 10 | 10.5
Dodging        | 3 4 |  4.2
Throwing       | 2 4 5 |  5.9
Armour         | 2 4 6 |  6.2

Action                   |  1- 3 |  4- 6 |  7- 9 | 10-12 || total
-------------------------+-------+-------+-------+-------++-------
Melee: War axe           |    79 |   183 |   481 |    50 ||   793
Throw: Throwing net      |       |     2 |     2 |       ||     4
Invok: Heroism           |       |       |     1 |     1 ||     2
  Use: Scroll            |       |     5 |       |     1 ||     6
       Potion            |       |     3 |     5 |     3 ||    11
 Stab: Held in net/web   |       |     1 |     1 |       ||     2
  Eat: Chunk             |       |     6 |    17 |       ||    23
       Beef jerky        |       |       |     1 |       ||     1
Armor: Leather armour    |    35 |    15 |       |       ||    50
       Scale mail        |       |    65 |   294 |    30 ||   389
Dodge: Dodged            |    69 |   110 |   311 |    68 ||   558
